 Dungeon Crawl Stone Soup version 0.25-b1-23-ge2ad7d536c (webtiles) character file.

Game seed: 2393826856122714497, levelgen mode: deterministic

917 diana the Shield-Bearer (level 7, -5/52 HPs)
             Began as a Demonspawn Fighter on June 3, 2020.
             Was an Initiate of Okawaru.
             Hit by a boomerang thrown by an orc warrior (16 damage)
             ... on level 5 of the Dungeon.
             The game lasted 00:06:26 (5919 turns).

diana the Shield-Bearer (Demonspawn Fighter)        Turns: 5919, Time: 00:06:26

Health: -5/52      AC:  7    Str: 18    XL:     7   Next: 83%
Magic:  7/7        EV:  7    Int:  9    God:    Okawaru [......]
Gold:   61         SH: 10    Dex: 13    Spells: 6/6 levels left

rFire    . . .     SeeInvis +   r - +0 scimitar "Rilin" {vorpal, +Inv SInv} (curse)
rCold    . . .     Gourm    .   c - +0 kite shield
rNeg     . . .     Faith    +   b - +0 scale mail
rPois    .         Spirit   .   (helmet restricted)
rElec    .         Reflect  .   (no cloak)
rCorr    +         Harm     .   (no gloves)
MR       +....                  (no boots)
Stlth    ..........             C - amulet of faith
HPRegen  0.17/turn              m - ring of protection from magic
MPRegen  0.10/turn              q - ring of resist corrosion

@: no status effects
A: horns 1, demonic guardian 1, spiny 2
a: Renounce Religion, Evoke Invisibility


You were on level 5 of the Dungeon.
You worshipped Okawaru.
Okawaru was noncommittal.
You were hungry.

You visited 2 branches of the dungeon, and saw 7 of its levels.

You collected 277 gold pieces.
You spent 216 gold pieces at shops.

Inventory:

Hand Weapons
 r - the cursed +0 scimitar "Rilin" (weapon) {vorpal, +Inv SInv}
   (You bought it in a shop on level 5 of the Dungeon)

   It inflicts extra damage upon your enemies.
   It lets you see invisible.
   It lets you turn invisible.
   It has a curse placed upon it.
Missiles
 B - a throwing net (quivered)
Armour
 b - a +0 scale mail (worn)
 c - a +0 kite shield (worn)
Jewellery
 m - a ring of protection from magic (left hand)
 q - a ring of resist corrosion (right hand)
 C - an amulet of faith (around neck)
Wands
 w - a wand of digging (5)
Scrolls
 e - 5 scrolls of enchant weapon {unknown}
 i - 2 scrolls of remove curse {unknown}
 j - 2 scrolls of fog {unknown}
 l - 2 scrolls of teleportation {unknown}
 p - a scroll of enchant armour {unknown}
 s - 3 scrolls of amnesia {unknown}
 t - 2 scrolls of identify {unknown}
 u - a scroll of fear {unknown}
 v - a scroll of blinking {unknown}
 y - a scroll of random uselessness {unknown}
Potions
 d - a potion of heal wounds {unknown}
 h - a potion of resistance {unknown}
 k - 3 potions of curing {unknown}
 n - 5 potions of flight {unknown}
 o - a potion of berserk rage {unknown}
 x - 2 potions of invisibility {unknown}
 z - 2 potions of stabbing {unknown}
 A - a potion of cancellation {unknown}
 D - a potion of mutation {unknown}
 E - a potion of degeneration {unknown}
Comestibles
 f - 8 rations


   Skills:
 - Level 3.0 Fighting
 + Level 4.4 Long Blades
 + Level 4.8 Armour
 * Level 6.4 Shields


You had 6 spell levels left.
You didn't know any spells.
Your spell library contained the following spells:

 Spells                   Type           Power        Failure   Level  Hunger
 Animate Skeleton         Necr           N/A          98%         1    ##.....
 Corona                   Hex            #......      98%         1    ##.....
 Infusion                 Chrm           #...         98%         1    ##.....
 Pain                     Necr           #...         98%         1    ##.....
 Sting                    Tmut/Pois      #...         98%         1    ##.....


Dungeon Overview and Level Annotations

Branches:
Dungeon (6/15)             Temple (1/1) D:5

Altars:
Ashenzari
Dithmenos
Elyvilon
Fedhas
Hepliaklqana
Kikubaaqudgha
Makhleb
Nemelex Xobeh
Okawaru
Qazlal
Ru
Sif Muna
Trog
Uskayaw
Vehumet
Wu Jian
Xom
Yredelemnul
Zin
The Shining One

Shops:
D:4 %   D:5 (


Innate Abilities, Weirdness & Mutations

You have a pair of small horns on your head.
A weak demonic guardian rushes to your aid.
You are mostly covered in sharp spines.


Message History

The orc warrior throws a boomerang.
You block the boomerang.
The weapon returns to the orc warrior!
The orc warrior misses your ufetubus.
Your ufetubus completely misses the orc warrior.
Your ufetubus hits the orc warrior but does no damage.
Your ufetubus closely misses the orc warrior.
Your ufetubus barely misses the orc warrior.
The orc warrior hits you with a +0 mace!
There is a stone staircase leading down, spattered with blood here.
You closely miss the orc warrior.
Your ufetubus hits the orc warrior but does no damage. x2
The orc warrior is struck by your spines.
The orc warrior hits you with a +0 mace!
* * * LOW HITPOINT WARNING * * *
Your ufetubus hits the orc warrior but does no damage.
Your ufetubus hits the orc warrior.
Your ufetubus closely misses the orc warrior.
Your ufetubus hits the orc warrior but does no damage.
The orc warrior throws a boomerang.
The boomerang hits you!
You die...

.####.#####.# #.#.# .#
#.# #.# #.#.# .####.# #.#
#.#.# ......# #.# #.#.#
.#.#### #.#######.#.#
.#..# #......##.#.#
.##.#######..###.##.#.#
###.#...............#.#
###...#####.....@####.###
...............5>.......#
####...####...##o...#.###
#...####...........#
#........#.###.#####
#####.^##.........#
..............###.#
#####..##.######.##
.................########


You could see an orc warrior and a friendly ufetubus (summoned).

Vanquished Creatures
  An ice beast (D:2)
  An ogre (D:4)
  A centaur (D:5)
  A crimson imp (D:5)
  An orc priest (D:3)
  An orc wizard (D:3)
  3 bullfrog skeletons
  A worker ant (D:4)
  A hound skeleton (D:5)
  6 adders
  3 gnolls (D:4)
  A shadow imp (D:3)
  2 oozes (D:1)
  4 worms
  2 dart slugs
  3 leopard geckos
  11 orcs
  4 ball pythons
  5 bats
  7 giant cockroaches
  8 hobgoblins
  3 jackals (D:2)
  2 quokkas
  2 frilled lizards
  A giant cockroach zombie (D:5)
  6 goblins
  9 kobolds
  9 rats
99 creatures vanquished.

Vanquished Creatures (collateral kills)
  Grinder (D:5)
  An ogre (D:5)
  A hound (D:4)
  An orc wizard (D:3)
  An orc (D:3)
  A giant cockroach (D:3)
  A leopard gecko skeleton (D:4)
7 creatures vanquished.

Grand Total: 106 creatures vanquished

Notes
Turn   | Place    | Note
-------+----------+-------------------------------------------
     0 | D:1      | diana the Demonspawn Fighter began the quest for the Orb.
     0 | D:1      | Reached XP level 1. HP: 18/18 MP: 1/1
   319 | D:1      | Reached skill level 3 in Shields
   327 | D:1      | Gained mutation: You are partially covered in sharp spines.
                  | [demonic ancestry]
   327 | D:1      | Reached XP level 2. HP: 21/24 MP: 2/2
   944 | D:1      | Reached XP level 3. HP: 29/29 MP: 3/3
  1538 | D:2      | Gained mutation: You are mostly covered in sharp spines.
                  | [demonic ancestry]
  1538 | D:2      | Reached XP level 4. HP: 34/35 MP: 4/4
  1609 | D:2      | Noticed an ice beast
  1802 | D:2      | Found a shadowy altar of Dithmenos.
  2316 | D:2      | Found a blossoming altar of Fedhas.
  2372 | D:2      | Killed an ice beast
  2372 | D:2      | Reached skill level 4 in Shields
  2372 | D:2      | Gained mutation: A weak demonic guardian rushes to your
                  | aid. [demonic ancestry]
  2372 | D:2      | Reached XP level 5. HP: 16/41 MP: 5/5
  3389 | D:3      | Gained mutation: You have a pair of small horns on your
                  | head. [demonic ancestry]
  3389 | D:3      | Reached XP level 6. HP: 37/47 MP: 6/6
  3738 | D:3      | Found a sacrificial altar of Ru.
  3811 | D:3      | Found a shimmering blue altar of Sif Muna.
  4023 | D:4      | Identified Wapiuwn's First Steps in Witchcraft
  4062 | D:4      | Reached skill level 5 in Shields
  4300 | D:4      | Found Sahasch's Food Shop.
  4320 | D:4      | Found a radiant altar of Vehumet.
  4330 | D:4      | Found a white marble altar of Elyvilon.
  4433 | D:4      | Reached XP level 7. HP: 44/52 MP: 7/7
  4548 | D:4      | Found a stormy altar of Qazlal.
  4673 | D:5      | Entered Level 5 of the Dungeon
  4856 | D:5      | Found a staircase to the Ecumenical Temple.
  4871 | Temple   | Entered the Ecumenical Temple
  4932 | Temple   | Became a worshipper of Warmaster Okawaru
  4955 | D:5      | Found a burning altar of Makhleb.
  5032 | D:5      | Found Wataddar's Antique Weapon Shoppe.
  5038 | D:5      | Bought a smoking scimitar for 216 gold pieces
  5038 | D:5      | Identified the cursed +0 scimitar "Rilin" {vorpal, +Inv
                  | SInv} (You bought it in a shop on level 5 of the Dungeon)
  5202 | D:5      | Reached skill level 6 in Shields
  5468 | D:5      | Noticed Grinder
  5471 | D:5      | Paralysed by Grinder for 5 turns
  5481 | D:5      | Killed Grinder
  5481 | D:5      | Reached * piety under Okawaru
  5919 | D:5      | Hit by a boomerang thrown by an orc warrior

Illustrated notes

Levels and vault maps discovered:
D:1:      minmay_arrival_floating_metal, layout_basic
D:2:      layout_basic, grunt_dithmenos_smoke, old_standard_altar
D:3:      layout_basic, nicolae_ru_path_of_blood, led_sif_book,
          grunt_ministairs_7, minmay_tree_intersection, saegor_snake_ambush
D:4:      layout_rooms, nicolae_qazlal_general_emergency,
          amethyst_overflow_temple_binary, first_ration, serial_shops, shop
D:5:      layout_basic, minmay_temple_entry_arrows, basic_altar, serial_shops,
          nicolae_shop_overgrown_old_shop, uniq_grinder
D:6:      layout_rooms, lemuel_coloured_pillars_altar,
          ebering_ghost_reflecting_pool, nicolae_benzene_ring
Temple:   cyrus_circular_temple

Skill      XL: |  1  2  3  4  5  6  7 |
---------------+----------------------+-----
Shields        | 3 4 5 6 |  6.4
Long Blades    | 2 3 4 |  4.4
Armour         | 3 4 |  4.8
Fighting       | |  3.0

Action                   |  1- 3 |  4- 6 |  7- 9 || total
-------------------------+-------+-------+-------++-------
Melee: Long sword        |   101 |   149 |    13 ||   263
       Headbutt          |       |    12 |    11 ||    23
       Scimitar          |       |       |    19 ||    19
  Use: Potion            |       |     1 |       ||     1
 Stab: Distracted        |       |     1 |       ||     1
  Eat: Chunk             |     2 |    10 |       ||    12
       Ration            |       |       |     1 ||     1
Armor: Scale mail        |    39 |    67 |    11 ||   117
Dodge: Dodged            |    24 |    24 |     6 ||    54
Block: Kite shield       |    54 |    83 |    17 ||   154
       Rpst.: Long sword |     9 |     7 |     1 ||    17
       Scimitar          |       |       |     3 ||     3
